 Dungeon Crawl Stone Soup version 0.27-a0-1299-g1ab19c6527 (webtiles) character file.

Game seed: 7221029498908808206

52968 SolCadguy the Martial Artist (level 14, -6/129 HPs)
             Began as a Pale Draconian Transmuter on June 16, 2021.
             Was an Elder of Wu Jian.
             Mangled by a minotaur (8 damage)
             ... in a Gauntlet on June 17, 2021.
             The game lasted 01:48:18 (29184 turns).

SolCadguy the Martial Artist (DrTm)                Turns: 29184, Time: 01:48:21

Health: -6/129     AC: 11    Str: 13    XL:     14   Next: 29%
Magic:  14/21      EV: 18    Int: 17    God:    Wu Jian [****..]
Gold:   903        SH:  0    Dex: 19    Spells: 2/23 levels left

rFire    . . .     SeeInvis .     - Unarmed
rCold    . . .     Faith    .   (no shield)
rNeg     . . .     Spirit   .   (armour unavailable)
rPois    .         Reflect  .   (helmet currently unavailable)
rElec    .         Harm     .   S - +2 cloak
rCorr    .         Rampage  .   (no gloves)
Will     +....     NoTele   +   (boots currently unavailable)
Stlth    ++........             (no amulet)
HPRegen  0.31/turn              y - +6 ring of dexterity
MPRegen  0.17/turn              I - +4 ring of slaying

@: short of breath, appendages
A: horns 2, talons 2, breathe steam, AC +8, unfitting armour, cold-blooded,
steam resistance
a: Breathe Steam, End Transformation, Renounce Religion, Wall Jump, Serpent's
Lash


You were in a Gauntlet.
You worshipped Wu Jian.
Wu Jian was greatly pleased with you.
You had temporarily grown beastly horns and talons.
You visited 3 branches of the dungeon, and saw 18 of its levels.
You also visited: Gauntlet.

You collected 1233 gold pieces.
You spent 330 gold pieces at shops.

Inventory:

Hand Weapons
 l - a +1 hunting sling of flaming
Missiles
 f - 72 poisoned darts (quivered)
 D - a curare-tipped dart
 P - 4 throwing nets
 X - 6 atropa-tipped darts
Armour
 r - a +2 pair of boots of rampaging (melded)
 S - a +2 cloak (worn)
Magical Staves
 n - a staff of poison
 z - a staff of cold
Jewellery
 i - the ring of Desertification {Wiz rCorr Str+5 Dex-5}
   (You found it in a Gauntlet)

   [ring of wizardry]

   It improves your spell success rate.
   It affects your strength (+5).
   It affects your dexterity (-5).
   It protects you from acid and corrosion.
 m - a ring of protection from fire
 y - a +6 ring of dexterity (left hand)
 E - a ring of wizardry
 G - a ring of willpower
 I - a +4 ring of slaying (right hand)
 N - a ring of ice
 T - a ring of flight
Wands
 a - a wand of charming (5)
 o - a wand of flame (16)
 x - a wand of acid (20)
 F - a wand of digging (9)
 J - a wand of mindburst (4)
 U - a wand of paralysis (6)
 W - a wand of polymorph (5)
Scrolls
 e - a scroll of identify
 g - 8 scrolls of teleportation
 k - a scroll of enchant armour
 p - 9 scrolls of fog
 q - a scroll of blinking
 t - 5 scrolls of fear
 w - 2 scrolls of magic mapping
 K - a scroll of holy word
Potions
 b - a potion of brilliance
 c - a potion of haste
 d - 7 potions of lignification
 h - 4 potions of flight
 j - 2 potions of cancellation
 s - a potion of mutation
 u - 2 potions of curing
 C - a potion of magic
Miscellaneous
 R - a lightning rod (4/4)
 Y - a piece from Xom's chessboard (15/15)


   Skills:
 + Level 13.2 Fighting
 - Level 8.8 Dodging
 + Level 14.9 Unarmed Combat
 - Level 5.3 Spellcasting
 - Level 4.6 Summonings
 - Level 2.6 Translocations
 - Level 8.4 Transmutations
 - Level 2.2 Ice Magic
 - Level 5.2 Air Magic
 - Level 3.8 Poison Magic
 - Level 2.6 Evocations


You had 2 spell levels left.
You knew the following spells:

 Your Spells              Type           Power      Damage    Failure   Level
a - Beastly Appendage     Tmut           66%        N/A       1%          1
b - Wereblood             Tmut           33%        N/A       1%          2
c - Spider Form           Tmut/Pois      12%        N/A       3%          3
d - Blink                 Tloc           N/A        N/A       7%          2
e - Mephitic Cloud        Conj/Pois/Air  14%        N/A       12%         3
f - Ice Form              Ice/Tmut       22%        N/A       16%         4
g - Call Imp              Summ           20%        N/A       3%          2
h - Summon Lightning Spi  Summ/Air       21%        N/A       19%         4

Your spell library contained the following spells:

 Spells                   Type           Power      Damage    Failure   Level
 Summon Small Mammal      Summ           80%        N/A       1%          1
 Shock                    Conj/Air       52%        1d6       4%          1
 Corpse Rot               Necr/Air       N/A        N/A       7%          2
 Animate Skeleton         Necr           8%         N/A       14%         1
 Magic Dart               Conj           16%        1d3       14%         1
 Pain                     Necr           16%        1d4       14%         1
 Slow                     Hex            4%         N/A       22%         2
 Sublimation of Blood     Necr           2%         N/A       22%         2
 Call Canine Familiar     Summ           20%        N/A       6%          3
 Ignite Poison            Fire/Tmut/Pois 18%        N/A       8%          3
 Gell's Gravitas          Tloc           6%         N/A       14%         3
 Summon Guardian Golem    Hex/Summ       12%        N/A       16%         3
 Petrify                  Tmut/Erth      18%        N/A       24%         4
 Alistair's Intoxication  Tmut/Pois      16%        N/A       30%         5
 Summon Ice Beast         Ice/Summ       16%        N/A       32%         4
 Confusing Touch          Hex            4%         N/A       38%         3
 Conjure Flame            Conj/Fire      4%         6-21      38%         3
 Stone Arrow              Conj/Erth      8%         3d7       38%         3
 Vampiric Draining        Necr           2%         2d6       38%         3
 Irradiate                Conj/Tmut      9%         3d16      56%         5
 Yara's Violent Unravell  Hex/Tmut       9%         3d6       56%         5
 Summon Forest            Summ/Tloc      8%         N/A       65%         5
 Animate Dead             Necr           2%         N/A       80%         4
 Eringya's Noxious Bog    Tmut/Pois      12%        N/A       86%         6
 Metabolic Englaciation   Hex/Ice        4%         N/A       94%         5
 Agony                    Necr           4%         N/A       98%         5
 Summon Hydra             Summ           10%        N/A       100%        7


Dungeon Overview and Level Annotations

Branches:
Dungeon (11/15)            Temple (1/1) D:5            Lair (6/6) D:9
 Shoals (0/4) Lair:4       Spider (0/4) Lair:3        Slime (0/5) Lair:5
Gauntlet (1/1)
    Orc: D:9-12

Altars:
Ashenzari
Cheibriados
Dithmenos
Elyvilon
Fedhas
Gozag
Hepliaklqana
Kikubaaqudgha
Makhleb
Nemelex Xobeh
Okawaru
Qazlal
Ru
Sif Muna
Trog
Uskayaw
Vehumet
Wu Jian
Xom
Yredelemnul
Zin
The Shining One

Shops:
D:2 :

Annotations:
D:5 2 runed translucent doors, Tumalu's ghost, novice MfMo
D:10 2 runed translucent doors, exclusion: orange crystal statue Gauntlet 12 transporters, 16 runed translucent doors


Innate Abilities, Weirdness & Mutations

You have temporarily grown beastly horns and talons.
You can breathe blasts of scalding, opaque steam.
Your pale cyan-grey scales are hard. (AC +8)
You cannot fit into any form of body armour.
You are cold-blooded and may be slowed by cold attacks.
You are immune to the effects of steam.


Message History

The minotaur is engulfed in a cloud of scalding steam.
The minotaur hits you with a +3 demon blade of flaming!!
* * * LOW HITPOINT WARNING * * *
The minotaur burns you!
* * * LOW HITPOINT WARNING * * *
The minotaur gores you!
* * * LOW HITPOINT WARNING * * *
Your crimson imp hits the minotaur.
Casting: Call Imp (safe; 3% risk of failure)
Confirm with . or Enter, or press ? or * to list all spells.
You blink.
The minotaur is engulfed in a cloud of scalding steam.
Your crimson imp barely misses the minotaur.
You feel much better.
The minotaur throws a javelin.
The javelin closely misses you.
Your crimson imp hits the minotaur.
Throw: 73 darts (poison)
Press: ? - help, Q - select action, (/) - cycle Shift-Dir - straight line, f/p - minotaur
Aim: a minotaur, wielding a +3 demon blade of flaming, wearing a +0 chain mail and quivering javelins (heavily wounded, covered in acid, ally target, 79% to hit)
You throw a poisoned dart. The poisoned dart hits the minotaur.
The minotaur is heavily wounded.
Your crimson imp blinks!
You lunge at the minotaur, in a flurry of attacks.
You barely miss the minotaur. You claw the minotaur. You headbutt the minotaur.
The minotaur is severely wounded.
You punch the minotaur! You tail-slap the minotaur.
The minotaur is severely wounded.
The minotaur hits you with a +3 demon blade of flaming!
* * * LOW HITPOINT WARNING * * *
The minotaur burns you.
* * * LOW HITPOINT WARNING * * *
The minotaur barely misses you.
There is a transporter landing site, spattered with blood here.
The quicksilver ooze quivers.
You punch the minotaur!
You tail-slap the minotaur, but do no damage.
The minotaur is almost dead.
The minotaur hits you with a +3 demon blade of flaming!!
* * * LOW HITPOINT WARNING * * *
The minotaur burns you!
You die...

..#.#y#..#..#.#.#..#...#..#.#.#^#
#.#.##..#.#..##.#J........#.#u#^^
..#.#[|#.©.#!.#.#...(©?=..#.#Gu!.
###.###########.###########.#####
.................................
..............≈∩≈................
#################################
8# #8##≈...............≈##8# #8#
## ####8..5.©.©H@.©.©..8#### ###
#≈...............≈#
#####.###.###.##### ###.###.###.#
#............ #.###.###.###. #.
#.# .# # ... # ##'


You could see a minotaur (corroded, ally target), a quicksilver ooze and a
friendly crimson imp (summoned).

Vanquished Creatures
  A cacodemon (Gauntlet)
  Harold (D:10)
  3 hydras
  The ghost of TacoSundae the Grappler, a journeyman DrTm of Cheibriados (Lair:2)
  4 catoblepae (Lair:6)
  2 two-headed ogres
  10 death yaks
  Urug (D:10)
  A spectral hydra (Lair:2)
  A lindwurm (Lair:4)
  2 manticores (Lair:6)
  4 black mambas
  A moth of wrath (Gauntlet)
  4 elephants
  Maurice (D:9)
  13 cane toads
  A torpor snail (Lair:6)
  4 rime drakes
  An unseen horror (D:6)
  4 komodo dragons
  A troll (D:10)
  3 polar bears
  27 blink frogs
  4 slime creatures (D:10)
  7 dream sheep (Lair:6)
  A spectral black mamba (Lair:2)
  3 redbacks (Lair:3)
  4 wyverns
  57 yaks
  2 basilisks (Lair:3)
  3 chaos spawn (Gauntlet)
  4 steam dragons
  3 neqoxecs (Gauntlet)
  2 spectral cane toads (Lair:2)
  3 vampire mosquitoes (D:10)
  An acid dragon (D:8)
  A hydra simulacrum (Lair:2)
  12 water moccasins
  2 orc warriors
  2 ice beasts
  4 sky beasts
  A spectral torpor snail (Lair:2)
  5 black bears
  7 centaurs
  2 ogres
  A necrophage (D:7)
  14 wolves
  A kobold brigand (D:6)
  9 bullfrogs
  A wyvern zombie (D:6)
  A water moccasin zombie (D:5)
  3 scorpions
  4 killer bees (D:9)
  2 howler monkeys
  An electric eel (Lair:4)
  2 centaur zombies
  6 hounds
  A jelly (D:7)
  5 orc priests
  2 bullfrog skeletons (D:4)
  Terence (D:3)
  A centaur skeleton (D:6)
  5 iguanas
  Ijyb (D:3)
  13 orc wizards
  2 howler monkey zombies (D:9)
  Robin (D:2)
  2 gnolls (D:2)
  8 adders
  3 adder skeletons
  3 worms
  3 dart slugs
  45 orcs
  10 ball pythons
  9 endoplasms
  2 giant cockroaches
  23 goblins
  11 hobgoblins
  4 jackals (D:3)
  7 kobolds
  A quokka (D:4)
  5 bats
  5 frilled lizards
  8 rats
447 creatures vanquished.

Vanquished Creatures (collateral kills)
  A yak (Lair:6)
1 creature vanquished.

Vanquished Creatures (others)
  23 fungi
  62 plants
85 creatures vanquished.

Grand Total: 533 creatures vanquished

Notes
Turn   | Place    | Note
-------+----------+-------------------------------------------
     0 | D:1      | SolCadguy the Draconian Transmuter began the quest for the
                  | Orb.
     0 | D:1      | Reached XP level 1. HP: 16/16 MP: 3/3
   519 | D:1      | Reached XP level 2. HP: 23/23 MP: 3/5
   681 | D:1      | You fall into a shaft and drop 1 floor!
   681 | D:2      | Found Zudaplig's Book Emporium.
   755 | D:1      | Learned a level 2 spell: Wereblood
   855 | D:2      | Reached skill level 4 in Unarmed Combat
   972 | D:2      | Reached XP level 3. HP: 16/28 MP: 4/6
  1480 | D:1      | Found a faded altar of an unknown god.
  1934 | D:2      | Learned a level 3 spell: Spider Form
  2065 | D:2      | Found an ancient bone altar of Kikubaaqudgha.
  2201 | D:2      | Reached XP level 4. HP: 35/35 MP: 3/7
  2238 | D:2      | Reached skill level 5 in Unarmed Combat
  2334 | D:2      | Noticed Robin
  2345 | D:2      | Killed Robin
  3055 | D:3      | Noticed Terence
  3080 | D:3      | Killed Terence
  3081 | D:3      | Reached skill level 1 in Poison Magic
  3081 | D:3      | Reached XP level 5. HP: 3/40 MP: 5/8
  3373 | D:3      | Learned a level 2 spell: Blink
  3441 | D:3      | Found a shimmering blue altar of Sif Muna.
  3467 | D:3      | Noticed Ijyb
  3484 | D:3      | Killed Ijyb
  4085 | D:3      | Noticed a sky beast
  4109 | D:3      | Killed a sky beast
  4110 | D:3      | Reached skill level 6 in Unarmed Combat
  4110 | D:3      | Reached XP level 6. HP: 20/47 MP: 6/9
  4787 | D:4      | Your scales start taking on a pale cyan-grey colour.
  4787 | D:4      | Reached XP level 7. HP: 52/52 MP: 10/10
  4787 | D:4      | Gained mutation: You are immune to the effects of steam.
                  | [Pale Draconian growth]
  5290 | D:4      | Reached skill level 7 in Unarmed Combat
  5713 | D:5      | Entered Level 5 of the Dungeon
  5719 | D:5      | Reached skill level 5 in Transmutations
  6077 | D:5      | Found a large runed translucent door.
  6077 | D:5      | Found a large runed translucent door.
  6081 | D:5      | Noticed Tumalu's ghost (novice MfMo)
  6202 | D:5      | Reached XP level 8. HP: 59/59 MP: 11/11
  6273 | D:5      | Found a staircase to the Ecumenical Temple.
  6328 | Temple   | Entered the Ecumenical Temple
  6503 | Temple   | Became a worshipper of the Wu Jian Council
  6567 | D:5      | Reached skill level 8 in Unarmed Combat
  7056 | D:6      | Reached skill level 1 in Translocations
  7061 | D:6      | Killed an unseen horror
  7245 | D:6      | Learned a level 3 spell: Mephitic Cloud
  7261 | D:6      | Found a glowing golden altar of the Shining One.
  7395 | D:6      | Noticed a two-headed ogre
  7434 | D:6      | Killed a two-headed ogre
  7435 | D:6      | Reached skill level 9 in Unarmed Combat
  7435 | D:6      | Reached XP level 9. HP: 13/70 MP: 9/13
  7794 | D:6      | Found a burning altar of Makhleb.
  8054 | D:6      | Reached * piety under Wu Jian
  8648 | D:7      | Found a bloodstained altar of Trog.
  9313 | D:7      | Reached skill level 10 in Unarmed Combat
  9519 | D:8      | Reached ** piety under Wu Jian
  9520 | D:8      | Reached XP level 10. HP: 16/77 MP: 12/16
 11176 | D:9      | Reached skill level 1 in Air Magic
 11467 | D:9      | Learned a level 4 spell: Ice Form
 11500 | D:9      | Noticed Maurice
 11508 | D:9      | Killed Maurice
 11545 | D:9      | Found a faded altar of an unknown god.
 11546 | D:9      | Found a faded altar of an unknown god.
 11546 | D:9      | Found a hazy altar of Hepliaklqana.
 11548 | D:9      | Found a faded altar of an unknown god.
 11589 | D:9      | Found a stormy altar of Qazlal.
 11834 | D:9      | Reached skill level 5 in Dodging
 12116 | D:9      | Reached skill level 5 in Fighting
 12506 | D:9      | Found a staircase to the Lair.
 12781 | D:9      | Reached skill level 1 in Ice Magic
 13144 | D:10     | Entered Level 10 of the Dungeon
 13144 | D:10     | Found a runed translucent door.
 13196 | D:10     | Found a runed translucent door.
 13212 | D:10     | Found a runed translucent door.
 13247 | D:10     | Learned a level 1 spell: Animate Skeleton
 13276 | D:10     | Found a runed translucent door.
 13471 | D:10     | Noticed Harold
 13496 | D:10     | Killed Harold
 13497 | D:10     | Reached skill level 11 in Unarmed Combat
 13497 | D:10     | Reached XP level 11. HP: 17/89 MP: 15/17
 14273 | D:10     | Noticed a two-headed ogre
 14287 | D:10     | Killed a two-headed ogre
 14365 | D:10     | Found a faded altar of an unknown god.
 14365 | D:10     | Found a faded altar of an unknown god.
 14365 | D:10     | Noticed Urug
 14374 | D:10     | Killed Urug
 14392 | D:10     | Found a hide-covered altar of Uskayaw.
 14394 | D:10     | Found a glowing silver altar of Zin.
 14396 | D:10     | Found an iron altar of Okawaru.
 14480 | D:10     | Noticed an orange crystal statue
 14624 | Lair:1   | Entered Level 1 of the Lair of Beasts
 14719 | Lair:1   | Noticed an eight-headed hydra
 14735 | Lair:1   | Killed an eight-headed hydra
 14736 | Lair:1   | Reached skill level 1 in Evocations
 15231 | Lair:1   | Reached *** piety under Wu Jian
 15793 | Lair:1   | Identified the +1 rapier "Ogreslayer" {flame, rF++ Str+3
                  | Dex-5 SInv}
 16316 | Lair:2   | Reached skill level 12 in Unarmed Combat
 16733 | Lair:2   | Reached skill level 5 in Spellcasting
 16886 | Lair:2   | Found a runed translucent gate.
 16886 | Lair:2   | Found a runed translucent gate.
 16886 | Lair:2   | Found a runed translucent gate.
 16890 | Lair:2   | Noticed TacoSundae's ghost (journeyman DrTm)
 17211 | Lair:2   | Reached XP level 12. HP: 56/103 MP: 19/19
 17967 | Lair:3   | Found a hole to the Spider Nest.
 18959 | Lair:3   | Noticed a death yak
 18959 | Lair:3   | Noticed a death yak
 18961 | Lair:3   | Noticed a death yak
 18963 | Lair:3   | Noticed a death yak
 19121 | Lair:3   | Killed a death yak
 19139 | Lair:3   | Killed a death yak
 19140 | Lair:3   | Reached skill level 10 in Fighting
 19522 | Lair:3   | Killed a death yak
 19523 | Lair:3   | Killed a death yak
 19524 | Lair:3   | Reached skill level 13 in Unarmed Combat
 20210 | Lair:4   | Reached **** piety under Wu Jian
 21466 | Lair:4   | Learned a level 2 spell: Call Imp
 21498 | Lair:4   | Reached XP level 13. HP: 84/115 MP: 16/20
 21805 | Lair:4   | Found a staircase to the Shoals.
 22306 | Lair:5   | Reached skill level 1 in Summonings
 23407 | D:3      | Identified Sif Muna's Reference Book on Feathers
 24036 | D:2      | Bought a book of Callings for 330 gold pieces
 24549 | Lair:5   | Found a staircase to the Slime Pits.
 25059 | Lair:6   | Entered Level 6 of the Lair of Beasts
 25401 | Lair:6   | Reached skill level 14 in Unarmed Combat
 25491 | Lair:6   | Identified the +8 scale mail "Ocwidwugh" {rF+ Str+4 Int+2
                  | Slay+5}
 25585 | Lair:6   | Reached ***** piety under Wu Jian
 25802 | Lair:6   | Learned a level 4 spell: Summon Lightning Spire
 26694 | Lair:6   | Reached XP level 14. HP: 127/127 MP: 18/21
 27144 | Lair:6   | Found the +3 salamander hide armour {Flames rF++ rC--}
 27675 | Lair:2   | Reached skill level 5 in Air Magic
 27691 | Lair:2   | Killed TacoSundae's ghost
 28193 | D:11     | Found a gate leading to a gauntlet.
 28201 | Gauntlet | Entered a Gauntlet
 28201 | Gauntlet | Found a transporter.
 28215 | Gauntlet | Found a transporter.
 28225 | Gauntlet | Found a transporter.
 28227 | Gauntlet | Found a large runed translucent door.
 28228 | Gauntlet | Found a large runed translucent door.
 28229 | Gauntlet | Found a large runed translucent door.
 28229 | Gauntlet | Found a large runed translucent door.
 28229 | Gauntlet | Found a runed translucent door.
 28230 | Gauntlet | Found a transporter.
 28231 | Gauntlet | Found a runed translucent door.
 28232 | Gauntlet | Found a large runed translucent door.
 28232 | Gauntlet | Found a large runed translucent door.
 28232 | Gauntlet | Found a large runed translucent door.
 28232 | Gauntlet | Found a large runed translucent door.
 28233 | Gauntlet | Found a large runed translucent door.
 28234 | Gauntlet | Found a large runed translucent door.
 28239 | Gauntlet | Found a large runed translucent door.
 28239 | Gauntlet | Found a large runed translucent door.
 28242 | Gauntlet | Found a large runed translucent door.
 28242 | Gauntlet | Found a large runed translucent door.
 28243 | Gauntlet | Found a runed translucent gate.
 28243 | Gauntlet | Found a runed translucent gate.
 28243 | Gauntlet | Found a runed translucent gate.
 28245 | Gauntlet | Found a transporter.
 28245 | Gauntlet | Noticed a cacodemon
 28256 | Gauntlet | Found a large runed translucent door.
 28257 | Gauntlet | Found a large runed translucent door.
 28265 | Gauntlet | Found a transporter.
 28277 | Gauntlet | Found a transporter.
 28289 | Gauntlet | Found a transporter.
 28290 | Gauntlet | Noticed a quicksilver ooze
 28301 | Gauntlet | Found a transporter.
 28310 | Gauntlet | Found a transporter.
 28332 | Gauntlet | Found a transporter.
 28347 | Gauntlet | Found a transporter.
 28349 | Gauntlet | Found a transporter.
 28377 | Gauntlet | Found a transporter.
 28379 | Gauntlet | Found a transporter.
 28381 | Gauntlet | Found a transporter.
 28404 | Gauntlet | Found a transporter.
 28583 | Gauntlet | Found a transporter.
 28742 | Gauntlet | Identified the +3 scale mail of the Nightingale {Str+3}
 29136 | Gauntlet | Killed a cacodemon
 29147 | Gauntlet | Identified the ring of Desertification {Wiz rCorr Str+5
                  | Dex-5}
 29184 | Gauntlet | HP: 2/129 [minotaur (19)]
 29184 | Gauntlet | Mangled by a minotaur

Illustrated notes

Levels and vault maps discovered:
D:1:      dpeg_arrival_solitude, layout_loops_ring,
          ebering_ecumenical_altar_box, chequers_jeans, minmay_tetromino_o4
D:2:      layout_basic, basic_altar, serial_shops, nicolae_lakefront_shop,
          serial_forest, infiniplex_forest_zigzag_1, infiniplex_forest_corner_2,
          infiniplex_forest_lined_3, infiniplex_forest_lined_room_2,
          infiniplex_forest_fountain, infiniplex_forest_clump_double,
          minivault_24, uniq_robin
D:3:      layout_basic, led_sif_book, minmay_circle_x, uniq_ijyb, uniq_terence
D:4:      layout_basic, chequers_serial_rivers_small_3, corexii_shack,
          chequers_serial_rivers_micro_e
D:5:      layout_loops_ring, minmay_temple_entry_mini_moons,
          ebering_ghost_disaster_area
D:6:      layout_loops_corners, kennysheep_mini_moat, tso_metal_star
D:7:      layout_basic, overflow_temple_1_default
D:8:      layout_layer_cave
D:9:      layout_stronghold, nicolae_hepliaklqana_ecumenical_no_more,
          nicolae_overflow_crystal_walls, erik_lair_dragon, chequers_arboretum,
          uniq_maurice
D:10:     layout_irregular_city, chequers_temple_overflow_minitemple,
          minmay_statue_crystal_thing, uniq_harold, uniq_urug
D:11:     layout_loops_corners, gammafunk_ghost_hydra_chop,
          gauntlet_entry_generic, serial_rivers, chequers_serial_rivers_small_b,
          chequers_serial_rivers_large_a, chequers_serial_rivers_marsh,
          chequers_serial_rivers_small_b, minmay_crystal_room
Temple:   dshaligram_water_room_temple
Lair:1:   layout_layer_cave
Lair:2:   layout_cave_pods, gammafunk_ghost_necromancy
Lair:3:   layout_loops_ring, spider_nest_entry_webs, st_stairs_11
Lair:4:   layout_cave_pods, shoals_dummy_entry, serial_bayou_shore_a,
          grunt_megastairs_3
Lair:5:   layout_cave_shapes, slime_dummy, minivault_25, lemuel_fruit_tree,
          infiniplex_staircase_pool_2
Lair:6:   evilmike_catoblepas_cave, layout_regular_city, grunt_megastairs_5
Gauntlet: gammafunk_gauntlet_one_two_three [gammafunk_gauntlet_arena_grid,
          gammafunk_gauntlet_arena_chambers, nicolae_gauntlet_arena_x,
          minmay_gauntlet_arena_make_your_own_arena,
          nicolae_gauntlet_arena_blocks, gammafunk_gauntlet_arena_arrow_garden,
          gammafunk_gauntlet_arena_hedges, nicolae_gauntlet_arena_grate_2,
          gammafunk_gauntlet_arena_spirals, gauntlet_exit_watery]

Skill      XL: |  1  2  3  4  5  6  7  8  9 10 11 12 13 14 |
---------------+-------------------------------------------+-----
Unarmed Combat | 4 5 6 7 9 10 11 12 13 14 | 14.9
Poison Magic   | 1 3 |  3.8
Transmutations | 3 4 5 7 8 |  8.4
Spellcasting   | 3 4 5 |  5.3
Translocations | 2 |  2.6
Fighting       | 3 6 8 10 12 13 | 13.2
Dodging        | 4 6 7 8 |  8.8
Air Magic      | 2 4 5 |  5.2
Ice Magic      | 2 |  2.2
Evocations     | 2 |  2.6
Summonings     | 4 |  4.6

Action                   |  1- 3 |  4- 6 |  7- 9 | 10-12 | 13-15 || total
-------------------------+-------+-------+-------+-------+-------++-------
Melee: Unarmed           |   117 |   162 |   236 |   450 |   367 ||  1332
       Kick              |    23 |    20 |    55 |    52 |    36 ||   186
       Tailslap          |     4 |    15 |    24 |    72 |    58 ||   173
       Headbutt          |     6 |    26 |    28 |    35 |    23 ||   118
       Punch             |     2 |     4 |     7 |    28 |    17 ||    58
Throw: Dart              |    14 |    14 |    13 |    54 |    36 ||   131
 Cast: Beastly Appendage |    26 |    31 |    28 |    18 |    10 ||   113
       Wereblood         |     3 |    15 |    18 |     9 |    12 ||    57
       Spider Form       |       |     1 |     2 |     7 |     2 ||    12
       Blink             |       |       |     2 |    11 |     5 ||    18
       Ice Form          |       |       |       |     7 |     4 ||    11
       Animate Skeleton  |       |       |       |     5 |       ||     5
       Call Imp          |       |       |       |     1 |    16 ||    17
       Mephitic Cloud    |       |       |       |       |     1 ||     1
       Summon Lightning  |       |       |       |       |     1 ||     1
Invok: Lunge             |       |       |     7 |     6 |     5 ||    18
       Whirlwind         |       |       |       |    18 |    27 ||    45
       Heavenly Storm    |       |       |       |       |     1 ||     1
 Abil: End Transformatio |       |     1 |     3 |    13 |     5 ||    22
       Breathe Steam     |       |       |    17 |    45 |    33 ||    95
       Wall Jump         |       |       |       |     8 |    12 ||    20
Evoke: Wand              |       |       |     2 |     7 |     2 ||    11
       Lightning rod     |       |       |       |     1 |     1 ||     2
  Use: Scroll            |     1 |       |     6 |    16 |     6 ||    29
       Potion            |       |       |       |     4 |     8 ||    12
 Stab: Sleeping          |       |       |     3 |     2 |       ||     5
       Distracted        |       |       |       |     1 |       ||     1
       Invisible         |       |       |       |     1 |       ||     1
       Confused          |       |       |       |       |     1 ||     1
Armor: Skin              |    39 |    41 |    62 |   113 |    84 ||   339
Dodge: Dodged            |    64 |    85 |   107 |   302 |   228 ||   786

Table legend: (Time is in decaauts)
 A = Elapsed time spent in this place.
 B = Non-inter-level travel time spent in this place.
 C = Inter-level travel time spent in this place.
 D = Time resting spent in this place.
 E = Time spent auto-exploring this place.
 F = Levels seen in this place.
 G = Mean time per level.
                   A        B        C        D        E       F      G
               +--------+--------+--------+--------+--------+-----+--------+
         Total |  29048 |  26136 |   2912 |   7090 |  13808 |  19 | 1528.8 |
       Dungeon |  15693 |  14025 |   1668 |   3186 |   8411 |  11 | 1426.6 |
        Temple |    188 |    176 |     12 |      0 |    142 |   1 |  188.0 |
          Lair |  12186 |  10954 |   1232 |   3675 |   5241 |   6 | 2031.0 |
      Gauntlet |    979 |    979 |      0 |    229 |     14 |   1 |  979.0 |
               +--------+--------+--------+--------+--------+-----+--------+

Top non-repeatable levels by time:
     D:9: 2971 daAuts
  Lair:2: 2610 daAuts
  Lair:3: 2294 daAuts
  Lair:1: 2240 daAuts
     D:3: 1819 daAuts
     D:6: 1770 daAuts
  Lair:5: 1725 daAuts
     D:2: 1679 daAuts
  Lair:4: 1660 daAuts
  Lair:6: 1654 daAuts
     D:8: 1452 daAuts
     D:1: 1426 daAuts
     D:5: 1234 daAuts
     D:4: 1139 daAuts
    D:10: 1124 daAuts
